 Dungeon Crawl Stone Soup version 0.19-a0-1254-gb9c29c0 (webtiles) character file.

27003 Duffy the Grappler (level 13, 98/124 HPs)
             Began as a Troll Hunter on Aug 27, 2016.
             Was a Follower of Uskayaw.
             Quit the game on level 2 of the Abyss.
             The game lasted 00:23:45 (14914 turns).

Duffy the Grappler (Troll Hunter)                  Turns: 14914, Time: 00:23:46

Health: 98/124     AC: 17    Str: 23    XL:     13   Next: 2%
Magic:  15/15      EV: 10    Int:  8    God:    Uskayaw [*.....]
Gold:   793        SH:  0    Dex: 13    Spells: 0 memorised, 12 levels left

rFire  + . .     SeeInvis .       - Unarmed
rCold  . . .     Gourm    +     i - +0 fire dragon armour
rNeg   . . .     Faith    .     (no shield)
rPois  .         Spirit   .     (helmet restricted)
rElec  .         Dismiss  .     b - +2 cloak
rCorr  .         Reflect  .     (gloves unavailable)
MR     +....     Harm     .     (boots unavailable)
Stlth  ..........               (no amulet)
                                X - ring of ice
                                B - ring of protection from magic

@: mildly poisoned (98 -> 95), slowed, very slow
A: unfitting armour, claws 3, fast metabolism 3, gourmand, regeneration 1,
shaggy fur 1, tough skin 2
a: Stomp, Renounce Religion


You were on level 2 of the Abyss.
You worshipped Uskayaw.
Uskayaw was noncommittal.
You were full.

You visited 2 branches of the dungeon, and saw 15 of its levels.
You visited the Abyss 1 time.
You also visited: Sewer.

You collected 829 gold pieces.
You spent 36 gold pieces at shops.

Inventory:

Missiles
 c - 21 large rocks (quivered)
 d - 5 throwing nets {=f}
 x - 17 tomahawks
 P - 2 curare-tipped needles
Armour
 b - a +2 cloak (worn)
 i - a +0 fire dragon armour (worn)
Jewellery
 e - an uncursed ring of protection from fire
 B - a ring of protection from magic (left claw)
 V - an uncursed ring of poison resistance
 X - a ring of ice (right claw)
Wands
 w - a wand of digging (24/24)
 y - a wand of enslavement (16/24)
 J - a wand of lightning (9/15)
 K - a wand of lightning (5/15)
 N - a wand of digging (16/24)
 Q - a wand of acid (8/15)
 U - a wand of digging (15/24)
Scrolls
 g - a scroll of amnesia {unknown}
 k - 2 scrolls of fog
 l - 5 scrolls of remove curse
 q - a scroll of blinking {unknown}
 r - a scroll of recharging
 u - 5 scrolls of teleportation
 v - 2 scrolls of noise {unknown}
 C - 2 scrolls of immolation
 D - a scroll of enchant armour
 L - a scroll of fear {unknown}
 O - 2 scrolls of vulnerability {unknown}
 S - a scroll of acquirement {unknown}
 T - 2 scrolls of enchant weapon {unknown}
 Y - a scroll of magic mapping {unknown}
Potions
 a - a potion of mutation {unknown}
 h - 6 potions of heal wounds
 j - a potion of cancellation {unknown}
 n - 2 potions of haste
 p - 3 potions of flight
 t - 2 potions of resistance
 z - 11 potions of curing
 A - a potion of degeneration {unknown}
 F - 2 potions of lignification
 G - 4 potions of might
 H - a potion of agility {unknown}
 I - a potion of ambrosia {unknown}
 M - a potion of invisibility {unknown}
 W - a potion of magic
Comestibles
 f - 12 bread rations
 m - 2 fruits
 o - 4 meat rations
 s - 17 royal jellies
 E - 3 slices of pizza
 R - a beef jerky


   Skills:
 - Level 7.2 Fighting
 - Level 8.0 Throwing
 + Level 7.4 Armour
 - Level 5.2 Dodging
 - Level 0.4 Stealth
 + Level 13.4 Unarmed Combat
 - Level 5.0 Invocations
 - Level 4.0 Evocations


You had 12 spell levels left.
You didn't know any spells.

Dungeon Overview and Level Annotations

Branches:
Dungeon (13/15)            Temple (0/1) D:7            Lair (2/6) D:10
    Orc (0/2) D:9
  Swamp: Lair:2-4    Shoals: Lair:2-4     Snake: Lair:2-4    Spider: Lair:2-4
 Vaults: D:13-14

Altars:
Ashenzari
Cheibriados
Dithmenos
Elyvilon
Fedhas
Nemelex Xobeh
Okawaru
Sif Muna
Uskayaw
Zin

Shops:
D:6 }=*   D:7 }:   D:8 =

Annotations:
D:11 exclusion: wizard
D:13 exclusion: door
Lair:2 Sonja


Innate Abilities, Weirdness & Mutations

You are too large for most types of armour.
You have claws for hands.
Your metabolism is lightning-fast.
You like to eat raw meat.
Your natural rate of healing is unusually fast.
You are covered in fur. (AC +1)
You have very tough skin. (AC +2)


Message History

You hear a mighty clap of thunder!
The bolt of lightning misses Sonja.
Evoking this partially-identified wand wasted a few charges.
You feel sick.
You hear an angry hiss.
Sonja shouts, "Too slow!"
Sonja unwields an uncursed blowgun.
Sonja wields an uncursed dagger of distortion.
Its appearance distorts for a moment.
Sonja hits you but does no damage. Space bends around you.
Sonja completely misses you. Sonja hits you but does no damage.
You are cast into the Abyss!
To return, you must find a gate leading back.
Killing monsters will force the Abyss to allow you passage.
This branch contains the abyssal rune of Zot.
Found a long sword.
Save game and exit?
Welcome back, Duffy the Troll Hunter.
Press ? for a list of commands and other information.
Are you sure you want to abandon this character and quit the game? (Confirm with "yes".)

... )..
## . ..
.####..
..
.......
# #.
.....
#.#.
...
#..#.#
#.@#
#.##
#..
#.#.
##.. ..
##. ..


There were no monsters in sight!

Vanquished Creatures
  Snorg (D:12)
  Fannar (Lair:1)
  2 centaur warriors
  The ghost of ximxim the Slinger, a novice CeHu of Okawaru (D:10)
  Nergalle (D:12)
  2 unseen horrors (D:11)
  A deep elf archer (D:13)
  3 hill giants
  The ghost of JustSomeDude the Shield-Bearer, a novice DsFi of Yredelemnul (D:6)
  3 cyclopes
  A griffon (D:13)
  2 ugly things (D:11)
  A black mamba (Lair:1)
  A komodo dragon (Lair:1)
  2 trolls (D:9)
  A queen bee (D:11)
  A merfolk (D:9)
  A polar bear (D:13)
  A raiju (shapeshifter) (D:13)
  A meliai zombie (D:8)
  7 slime creatures
  11 yaks (Lair:1)
  Sigmund (D:3)
  Eustachio (D:4)
  A vampire (D:13)
  2 basilisks
  2 wyverns
  3 hungry ghosts
  3 hippogriffs
  3 wargs (D:10)
  Edmund (D:4)
  A soldier ant (D:12)
  5 water moccasins
  3 porcupines (Lair:1)
  A sky beast (D:5)
  5 orc warriors
  2 eyes of draining
  5 ice beasts
  6 ogres
  3 black bears
  A wasp (D:12)
  A phantom (D:9)
  A necrophage (D:8)
  8 centaurs
  A crocodile (Lair:1)
  A big kobold (Sewer)
  12 giant frogs
  A wyvern zombie (D:12)
  A gnoll sergeant (D:11)
  7 scorpions
  28 killer bees
  8 wights
  8 howler monkeys
  An electric eel (D:13)
  11 crimson imps
  A giant frog zombie (D:10)
  A quasit (D:10)
  3 centaur zombies
  11 orc priests
  A gnoll shaman (D:4)
  5 hounds
  3 jellies
  11 orc wizards
  2 centaur skeletons
  4 iguanas
  Jessica (D:3)
  9 worker ants
  3 hound zombies
  3 hound skeletons
  A mummy (D:8)
  2 worker ant zombies
  19 gnolls
  10 adders
  13 river rats
  5 shadow imps
  2 white imps (D:13)
  An ooze (D:1)
  An adder zombie (D:5)
  4 worms
  4 dart slugs
  4 giant geckos
  56 orcs
  7 giant cockroaches
  6 goblins
  8 hobgoblins
  11 jackals
  8 kobolds
  4 quokkas
  3 ball pythons
  5 bats
  A giant gecko zombie (D:5)
  4 giant newts
  A jackal skeleton (D:8)
  11 rats
433 creatures vanquished.

Vanquished Creatures (others)
  2 fungi
  A plant (Lair:2)
3 creatures vanquished.

Grand Total: 436 creatures vanquished

Notes
Turn   | Place    | Note
-------+----------+-------------------------------------------
     0 | D:1      | Duffy the Troll Hunter began the quest for the Orb.
     0 | D:1      | Reached XP level 1. HP: 19/19 MP: 0/0
   118 | D:1      | Reached skill level 1 in Unarmed Combat
   172 | D:1      | Reached XP level 2. HP: 26/27 MP: 1/1
   222 | D:1      | Reached skill level 2 in Unarmed Combat
   536 | D:2      | Reached XP level 3. HP: 33/33 MP: 2/2
   648 | D:2      | Reached skill level 3 in Unarmed Combat
   833 | D:2      | Found a deep blue altar of Sif Muna.
  1198 | D:3      | Reached XP level 4. HP: 41/41 MP: 3/3
  1226 | D:3      | Noticed Sigmund
  1236 | D:3      | Killed Sigmund
  1236 | D:3      | Reached skill level 5 in Unarmed Combat
  1236 | D:3      | Reached XP level 5. HP: 48/48 MP: 4/4
  1274 | D:3      | Noticed Jessica
  1278 | D:3      | Killed Jessica
  1317 | D:2      | Reached skill level 6 in Unarmed Combat
  1317 | D:2      | Reached XP level 6. HP: 26/55 MP: 5/5
  1757 | D:4      | Found a shattered altar of Ashenzari.
  1922 | D:4      | Noticed an ice beast
  1932 | D:4      | Reached skill level 7 in Unarmed Combat
  1962 | D:4      | Killed an ice beast
  1962 | D:4      | Reached XP level 7. HP: 33/62 MP: 6/6
  2111 | D:4      | Noticed Edmund
  2124 | D:4      | Killed Edmund
  2152 | D:4      | Reached skill level 8 in Unarmed Combat
  2504 | D:4      | Noticed Eustachio
  2513 | D:4      | Killed Eustachio
  2513 | D:4      | Reached XP level 8. HP: 75/75 MP: 7/7
  2920 | D:4      | Reached skill level 9 in Unarmed Combat
  3048 | D:5      | Entered Level 5 of the Dungeon
  3278 | D:5      | Found a glowing drain.
  3304 | Sewer    | Entered a sewer
  3389 | Sewer    | Reached skill level 5 in Fighting
  3456 | Sewer    | Found a white marble altar of Elyvilon.
  3679 | D:5      | Found a sparkling altar of Nemelex Xobeh.
  3679 | D:5      | Found a shadowy altar of Dithmenos.
  3679 | D:5      | Found a hide-covered altar of Uskayaw.
  3679 | D:5      | Found a white marble altar of Elyvilon.
  3680 | D:5      | Found a blossoming altar of Fedhas.
  3689 | D:5      | Found a glowing silver altar of Zin.
  3699 | D:5      | Became a worshipper of Uskayaw the Reveler
  3733 | D:5      | You fall through a shaft for 3 floors!
  3765 | D:8      | Reached * piety under Uskayaw
  3767 | D:8      | Reached ** piety under Uskayaw
  3770 | D:8      | Reached *** piety under Uskayaw
  3771 | D:8      | Reached XP level 9. HP: 49/88 MP: 8/8
  3775 | D:8      | Reached **** piety under Uskayaw
  3951 | D:8      | HP: 4/88 [meliai zombie (4)]
  3962 | D:8      | Reached skill level 10 in Unarmed Combat
  4142 | D:8      | Found a snail-covered altar of Cheibriados.
  4218 | D:7      | Reached ***** piety under Uskayaw
  4465 | D:6      | Found Baoskann's General Store.
  4513 | D:6      | Bought a potion of lignification for 36 gold pieces
  4980 | D:6      | Found Untyfoj's Antique Weapon Shop.
  4986 | D:6      | Found Duushex's Jewellery Shoppe.
  5069 | D:6      | Found Tytyotan's Gadget Boutique.
  5229 | D:6      | Noticed JustSomeDude's ghost (novice DsFi)
  5289 | D:6      | Killed JustSomeDude's ghost
  5289 | D:6      | Reached skill level 11 in Unarmed Combat
  6074 | D:7      | Reached XP level 10. HP: 93/102 MP: 9/9
  6216 | D:7      | Found Cud Yjah's Book Shoppe.
  6369 | D:7      | Found a staircase to the Ecumenical Temple.
  6465 | D:7      | Found Tarchun's Gadget Shop.
  6593 | D:7      | Reached skill level 12 in Unarmed Combat
  6649 | D:8      | Reached skill level 1 in Armour
  7057 | D:8      | Found Haroll's Jewellery Shoppe.
  7085 | D:8      | Noticed a cyclops
  7097 | D:8      | Killed a cyclops
  7989 | D:9      | Found a staircase to the Orcish Mines.
  8409 | D:10     | Entered Level 10 of the Dungeon
  8658 | D:10     | Noticed ximxim's ghost (novice CeHu)
  8689 | D:10     | Killed ximxim's ghost
  8689 | D:10     | Reached skill level 5 in Dodging
  8689 | D:10     | Reached XP level 11. HP: 108/109 MP: 10/10
  8708 | D:10     | Reached skill level 5 in Armour
  8758 | D:10     | Found a staircase to the Lair.
  8782 | D:10     | Reached skill level 1 in Invocations
  9349 | D:11     | Noticed a hill giant
  9363 | D:11     | Killed a hill giant
  9382 | D:11     | Noticed a red ugly thing
  9406 | D:11     | Killed a red ugly thing
  9406 | D:11     | Reached skill level 5 in Throwing
  9522 | D:11     | Killed an unseen horror
 10361 | D:11     | Reached skill level 5 in Invocations
 10590 | D:11     | Noticed a purple ugly thing
 10592 | D:11     | Noticed a wizard
 10607 | D:11     | Killed a purple ugly thing
 10865 | D:12     | Noticed a centaur warrior
 10878 | D:12     | Killed a centaur warrior
 11134 | D:12     | Reached XP level 12. HP: 97/118 MP: 14/14
 11136 | D:12     | Reached skill level 1 in Evocations
 11466 | D:12     | Noticed Nergalle
 11496 | D:12     | Killed Nergalle
 11506 | D:12     | Noticed Snorg
 11520 | D:12     | Killed Snorg
 12892 | D:13     | Noticed a centaur warrior
 12904 | D:13     | Killed a centaur warrior
 13153 | D:13     | Found an iron altar of Okawaru.
 13429 | Lair:1   | Entered Level 1 of the Lair of Beasts
 13590 | Lair:1   | Reached skill level 13 in Unarmed Combat
 14283 | Lair:1   | Reached ****** piety under Uskayaw
 14480 | Lair:1   | Noticed Fannar
 14497 | Lair:1   | Killed Fannar
 14497 | Lair:1   | Reached XP level 13. HP: 15/124 MP: 15/15
 14904 | Lair:2   | Noticed Sonja
 14913 | Lair:2   | Cast into level 2 of the Abyss (Sonja)
 14914 | Abyss:2  | Quit the game

Vault maps used:
D:1:      noname_arrival_rooms_in_the_neighbourhood
D:2:      lemuel_doored_altar
D:3:      uniq_sigmund, uniq_jessica
D:4:      evilmike_ruin_ashenzari, uniq_edmund, uniq_eustachio
D:5:      minitemple, first_bread, gup_sewer_entry_glass
D:6:      serial_shops, shop_statue, shop, nicolae_shop_waterfront,
          nicolae_shop_stone, hangedman_decor_riveting
D:7:      serial_shops, shop, nicolae_shop_window_shopping
D:8:      slow_altar_1, serial_shops, shop
D:9:      orc_0_dummy, hangedman_fish_farm
D:10:     erik_lair_orcish_takeover
D:11:     cheibrodos_breeding_chamber, special_room, serial_curves,
          eino_curves_02, eino_curves_01, eino_curves_02, eino_curves_02
D:12:     uniq_nergalle, uniq_snorg
D:13:     evilmike_iron_armoury, grunt_vaults_entry_tiered, serial_ice,
          serial_ice_f, serial_ice_m, serial_ice_c, serial_ice_h
Lair:1:   uniq_fannar
Lair:2:   minmay_swamp_entry_eels, dummy_snake_entry, uniq_sonja
Abyss:2:  hangedman_abyss_exit_choices
Sewer:    sewer_kobolds

Skill      XL: |  1  2  3  4  5  6  7  8  9 10 11 12 |
---------------+-------------------------------------+-----
Unarmed Combat | 1 2 3 5 6 7 8 9 11 12 13 | 13.4
Fighting       | 3 5 7 |  7.2
Armour         | 4 5 7 |  7.4
Dodging        | 5 |  5.2
Invocations    | 5 |  5.0
Throwing       | 8 |  8.0
Evocations     | 4 |  4.0
Stealth        | |  0.4

Action                   |  1- 3 |  4- 6 |  7- 9 | 10-12 | 13-15 || total
-------------------------+-------+-------+-------+-------+-------++-------
Melee: Unarmed           |   105 |   111 |   357 |   853 |     6 ||  1432
       Punch             |       |     2 |    14 |    43 |     2 ||    61
Throw: Large rock        |       |     3 |     1 |    14 |     2 ||    20
       Tomahawk          |       |       |       |     3 |       ||     3
Evoke: Wand              |       |       |       |       |     1 ||     1
  Use: Scroll            |       |       |    11 |     6 |       ||    17
       Potion            |       |       |     3 |       |       ||     3
 Stab: Sleeping          |     1 |       |       |       |       ||     1
       Paralysed         |       |       |     9 |    35 |       ||    44
  Eat: Chunk             |    16 |     7 |    38 |    92 |     1 ||   154
Armor: Robe              |    15 |    36 |    66 |     2 |       ||   119
       Fire dragon armou |       |       |       |   453 |     9 ||   462
Dodge: Dodged            |    48 |    48 |   150 |   306 |     5 ||   557
